 Dungeon Crawl Stone Soup version 0.29-a0-194-g6e3aafee17 (webtiles) character file.

Game seed: 15953344766809694542

549 dolemite99 the Archer (level 7, -4/51 HPs)
             Began as a Barachi Hunter on Feb 23, 2022.
             Was a Believer of Makhleb.
             Slain by Edmund
             ... wielding a +7 flail of protection
              (14 damage)
             ... on level 4 of the Dungeon.
             The game lasted 00:04:24 (3304 turns).

dolemite99 the Archer (Barachi Hunter)              Turns: 3304, Time: 00:04:24

Health: -4/51      AC:  8    Str: 15    XL:     7   Next: 28%
Magic:  0/7        EV: 11    Int: 12    God:    Makhleb [**....]
Gold:   159        SH:  0    Dex: 12    Spells: 6/6 levels left

rFire   . . .      SeeInvis .   d - +2 hand axe (freeze)
rCold   . . .      Faith    .   (no shield)
rNeg    . . .      Spirit   +   k - +0 ring mail
rPois   .          Reflect  .   t - +0 helmet
rElec   .          Harm     .   s - +0 cloak
rCorr   .          Rampage  .   (no gloves)
Will    .....                   j - +0 pair of boots
Stlth   +.........              m - amulet of guardian spirit
HPRegen 0.17/turn               (no ring)
MPRegen 0.10/turn               (no ring)

@: mighty, slow
A: amphibious, slowness 1, strong legs 1, +LOS
a: Hop, Renounce Religion, Minor Destruction


You were on level 4 of the Dungeon.
You worshipped Makhleb.
Makhleb was pleased with you.
You visited 1 branch of the dungeon, and saw 4 of its levels.

You collected 159 gold pieces.

Inventory:

Hand Weapons
 a - a +2 shortbow of flaming
 b - a +0 short sword of venom
 d - a +2 hand axe of freezing (weapon)
 e - a +1 shortbow
 w - a +1 quarterstaff of draining
Missiles
 f - 131 stones
 r - 6 poisoned darts
Armour
 j - a +0 pair of boots (worn)
 k - a +0 ring mail (worn)
 n - a +0 leather armour
 s - a +0 cloak (worn)
 t - a +0 helmet (worn)
Jewellery
 m - an amulet of guardian spirit (around neck)
Scrolls
 c - 2 scrolls of teleportation {unknown}
 h - a scroll of noise
 l - a scroll of enchant weapon {unknown}
 p - a scroll of brand weapon {unknown}
 q - a scroll of fog
 u - a scroll of magic mapping {unknown}
Potions
 g - 4 potions of might
 o - 2 potions of lignification
 v - a potion of curing {unknown}


   Skills:
 - Level 2.4 Fighting
 + Level 8.6 Bows
 - Level 2.1 Dodging
 - Level 0.8 Stealth


You had 6 spell levels left.
You didn't know any spells.
Your spell library contained the following spells:

 Spells                   Type           Power      Damage    Failure   Level
 Slow                     Hex            0%         N/A       54%         1
 Confusing Touch          Hex            0%         N/A       89%         3
 Vampiric Draining        Necr           0%         2d6       89%         3


Dungeon Overview and Level Annotations

Branches:
Dungeon (4/15)
 Temple: D:4-7

Altars:
Ashenzari
Fedhas
Gozag
Makhleb
Okawaru
Sif Muna
Uskayaw
Wu Jian

Shops:
D:2 (

Annotations:
D:4 Edmund


Innate Abilities, Weirdness & Mutations

You are amphibious.
You cover ground slowly.
You can hop short distances.
You have an extended range of vision and can be seen from far away.


Message History

Edmund hits you with a +7 flail of protection!
* * * LOW HITPOINT WARNING * * *
You feel much better. Edmund closely misses you.
You feel much better. Edmund barely misses you.
You feel very mighty all of a sudden.
Edmund hits you with a +7 flail of protection!
Your +2 shortbow of flaming stops flaming.
Your +2 hand axe of freezing glows with a cold blue light!
d - a +2 hand axe of freezing (weapon)
You hit Edmund but do no damage.
Edmund is moderately wounded.
Edmund hits you but does no damage.
Edmund hits you with a +7 flail of protection!
You slash Edmund! You freeze Edmund.
Edmund is severely wounded.
Edmund hits you but does no damage.
You hit Edmund but do no damage.
Edmund is severely wounded.
Edmund hits you with a +7 flail of protection.
You hit Edmund but do no damage.
Edmund is severely wounded.
Edmund barely misses you.
Edmund hits you with a +7 flail of protection.
A quokka comes into view.
You hit Edmund but do no damage.
Edmund is heavily wounded.
Edmund hits you but does no damage.
You hit Edmund but do no damage.
Edmund is heavily wounded.
Edmund hits you with a +7 flail of protection!
* * * LOW HITPOINT WARNING * * *
You closely miss Edmund.
Edmund is heavily wounded.
Edmund barely misses you.
Edmund hits you with a +7 flail of protection.
* * * LOW HITPOINT WARNING * * *
You slash Edmund! You freeze Edmund.
Edmund is almost dead.
Edmund hits you with a +7 flail of protection!
You die...

.##....###. ###....####...
.....†........###### ...#
#..##.#####........###..# ...
#.## .. #......# ...# §._.
..####.####.#......# ...# ≈...
.###....... #......# ...# ..≈≈§
.....##>.####...<..# #..#.≈≈≈§≈
.#............r.@..# #@.#...
#####..#.####....@.# #...####
###......# #......###..###.#
##..####.####.........[###..#####
...## #..##.......###...........
.### ###.....########.........)#
######....#### ##..÷.......#
.......#...# ##...........##
.########..# ##..#...........


You could see Edmund and a quokka.

Vanquished Creatures
  Grinder (D:4)
  Menkaure (D:4)
  An orc priest (D:3)
  2 orc wizards (D:3)
  3 gnolls (D:3)
  2 adders (D:3)
  An ufetubus (D:4)
  5 dart slugs
  7 orcs
  6 ball pythons
  8 bats
  2 endoplasms
  4 giant cockroaches
  9 goblins
  8 hobgoblins
  3 frilled lizards
  6 kobolds
  4 rats
73 creatures vanquished.

Vanquished Creatures (others)
  A fungus (D:1)
1 creature vanquished.

Grand Total: 74 creatures vanquished

Notes
Turn   | Place    | Note
-------+----------+-------------------------------------------
     0 | D:1      | dolemite99 the Barachi Hunter began the quest for the Orb.
     0 | D:1      | Reached XP level 1. HP: 17/17 MP: 1/1
     2 | D:1      | Noticed a gargoyle
     2 | D:1      | Noticed a demonspawn
     4 | D:1      | Noticed a naga
     4 | D:1      | Noticed a merfolk
     8 | D:1      | Noticed a troll
    10 | D:1      | Noticed a spriggan
    12 | D:1      | Noticed a felid
    12 | D:1      | Noticed a ghoul
    14 | D:1      | Noticed a human
    14 | D:1      | Noticed a draconian
    16 | D:1      | Noticed a dwarf
    16 | D:1      | Noticed a tengu
    18 | D:1      | Noticed an ogre
    18 | D:1      | Noticed a minotaur
    20 | D:1      | Noticed a formicid
    22 | D:1      | Noticed a vampire
    22 | D:1      | Noticed an octopode
    24 | D:1      | Noticed a vine stalker
    24 | D:1      | Noticed a demigod
    26 | D:1      | Noticed an elf
    91 | D:1      | Reached XP level 2. HP: 23/23 MP: 2/2
   372 | D:1      | Found a faded altar of an unknown god.
   414 | D:1      | Prayed at the altar of an unknown god.
   414 | D:1      | Became a worshipper of Makhleb the Destroyer
   414 | D:1      | Reached * piety under Makhleb
   522 | D:1      | Reached XP level 3. HP: 28/28 MP: 3/3
   694 | D:1      | Reached skill level 5 in Bows
  1295 | D:2      | Found Rerhan's Weapon Boutique.
  1581 | D:3      | Found an opulent altar of Gozag.
  1758 | D:3      | Reached ** piety under Makhleb
  1767 | D:3      | Reached XP level 4. HP: 26/34 MP: 2/4
  1891 | D:3      | Found a shimmering blue altar of Sif Muna.
  1933 | D:3      | Reached skill level 6 in Bows
  1938 | D:3      | Reached XP level 5. HP: 7/39 MP: 2/5
  2412 | D:3      | Found an iron altar of Okawaru.
  2701 | D:3      | Found a hide-covered altar of Uskayaw.
  2703 | D:3      | Found a broken altar of Ashenzari.
  2704 | D:3      | Found a blossoming altar of Fedhas.
  2886 | D:3      | Identified a scroll of acquirement
  2886 | D:3      | Acquired a +2 shortbow of flaming
  2949 | D:4      | Found an ornate altar of the Wu Jian Council.
  2976 | D:4      | Noticed Grinder
  2987 | D:4      | Killed Grinder
  2988 | D:4      | Reached skill level 7 in Bows
  2988 | D:4      | Reached XP level 6. HP: 46/46 MP: 6/6
  3057 | D:4      | Noticed Edmund
  3085 | D:3      | Reached skill level 8 in Bows
  3208 | D:4      | Noticed Menkaure
  3213 | D:4      | Killed Menkaure
  3214 | D:4      | Reached XP level 7. HP: 51/51 MP: 7/7
  3292 | D:4      | HP: 2/51 [Edmund/+7 flail of protection (6)]
  3304 | D:4      | Slain by Edmund

Illustrated notes

Levels and vault maps discovered:
D:1:      kb_arrival_jail, layout_loops_ring, dreamdust_ecumenical_altar_grove
D:2:      layout_loops_ring, serial_shops, shop, grunt_decor_cap,
          minmay_misc_feat_hallway, chequers_serial_rivers_micro_e
D:3:      layout_basic, pf_just_have_faith, nicolae_sif_muna_little_library,
          lemuel_coloured_pillars_altar, minitemple
D:4:      layout_rooms, mainiacjoe_overflow_paths, hangedman_decor_riveting,
          minivault_1, uniq_menkaure, uniq_edmund, uniq_grinder

Skill      XL: |  1  2  3  4  5  6 |
---------------+-------------------+-----
Bows           | 5 6 7 8 |  8.6
Fighting       | |  2.4
Dodging        | |  2.1
Stealth        | |  0.8

Action                   |  1- 3 |  4- 6 |  7- 9 || total
-------------------------+-------+-------+-------++-------
Melee: Short sword       |       |    12 |       ||    12
       Punch             |       |     1 |       ||     1
       Hand axe          |       |       |     8 ||     8
 Fire: Shortbow          |   113 |    82 |    12 ||   207
 Abil: Hop               |       |     1 |       ||     1
  Use: Scroll            |       |     9 |       ||     9
       Potion            |       |       |     3 ||     3
Armor: Ring mail         |    19 |    33 |     3 ||    55
Dodge: Dodged            |    30 |    21 |     7 ||    58

Table legend: (Time is in decaauts)
 A = Elapsed time spent in this place.
 B = Non-inter-level travel time spent in this place.
 C = Inter-level travel time spent in this place.
 D = Time resting spent in this place.
 E = Time spent auto-exploring this place.
 F = Levels seen in this place.
 G = Mean time per level.
                   A        B        C        D        E       F      G
               +--------+--------+--------+--------+--------+-----+--------+
         Total |   3820 |   3759 |     61 |    549 |   2513 |   4 |  955.0 |
       Dungeon |   3820 |   3759 |     61 |    549 |   2513 |   4 |  955.0 |
               +--------+--------+--------+--------+--------+-----+--------+

Top non-repeatable levels by time:
     D:3: 1838 daAuts
     D:1: 852 daAuts
     D:2: 809 daAuts
     D:4: 320 daAuts
